 Dungeon Crawl Stone Soup version 0.18.1-8-gdd0e5ea (webtiles) character file.

151 Raiden350 the Magician (level 5, -1/28 HPs)
             Began as a Tengu Wizard on May 22, 2016.
             Was an Initiate of Sif Muna.
             Slain by a hound (3 damage)
             ... on level 4 of the Dungeon on May 23, 2016.
             The game lasted 00:25:21 (3624 turns).

Raiden350 the Magician (Tengu Wizard)               Turns: 3624, Time: 00:25:22

Health: -1/28      AC:  3    Str:  7    XL:     5   Next: 33%
Magic:  0/12       EV: 12    Int: 19    God:    Sif Muna [......]
Gold:   116        SH:  0    Dex: 13    Spells: 4 memorised, 4 levels left

rFire  . . .     SeeInvis .     m - +3 quarterstaff (chaos)
rCold  . . .     Gourm    .     a - +0 robe
rNeg   . . .     Faith    .     (shield currently unavailable)
rPois  .         Spirit   .     b - +0 hat
rElec  .         Dismiss  .     e - +0 cloak
rCorr  .         Reflect  .     (no gloves)
SustAt .         Harm     .     (boots unavailable)
MR     +....                    (no amulet)
Stlth  ++........               i - ring of protection from magic
                                f - ring of flight

@: very slightly contaminated, invisible, somewhat resistant to hostile
enchantments, unstealthy
A: beak, talons 3, able to fly 1
a: Fly, Renounce Religion, Evoke Flight


You were on level 4 of the Dungeon.
You worshipped Sif Muna.
Sif Muna was noncommittal.
You were not hungry.

You visited 1 branch of the dungeon, and saw 4 of its levels.

You collected 116 gold pieces.

Inventory:

Hand Weapons
 g - a +0 spear
 m - a +3 quarterstaff of chaos (weapon)
Armour
 a - a +0 robe (worn)
 b - a +0 hat (worn)
 e - a +0 cloak (worn)
 o - a +0 robe
Jewellery
 f - a ring of flight (left hand)
 i - a ring of protection from magic (right hand)
Potions
 j - a potion of berserk rage {unknown}
 l - a potion of curing {unknown}
 n - a potion of resistance {unknown}
Books
 c - a book of Minor Magic

   Spells                             Type                      Level
   a - Magic Dart                     Conjuration                  1
   b - Blink                          Translocation                2
   c - Call Imp                       Summoning                    2
   d - Repel Missiles                 Charms/Air                   2
   e - Slow                           Hexes                        2
   f - Conjure Flame                  Conjuration/Fire             3
   g - Mephitic Cloud                 Conjuration/Poison/Air       3
Comestibles
 d - 3 bread rations
 h - a slice of pizza
 k - a chunk of flesh


   Skills:
 - Level 2.1 Dodging
 - Level 2.0 Stealth
 - Level 4.0 Spellcasting
 - Level 3.6 Conjurations
 - Level 2.3 Summonings
 - Level 0.7 Translocations
 + Level 2.6 Air Magic


You had 4 spell levels left.
You knew the following spells:

 Your Spells              Type           Power        Failure   Level  Hunger
a - Magic Dart            Conj           ###.         3%          1    None
b - Call Imp              Summ           ##......     10%         2    ##.....
c - Blink                 Tloc           N/A          17%         2    ##.....
d - Mephitic Cloud        Conj/Pois/Air  ##......     17%         3    ###....


Dungeon Overview and Level Annotations

Branches:
Dungeon (4/15)
 Temple: D:4-7

Altars:
Cheibriados
Elyvilon
Gozag
Ru
Sif Muna
Xom

Shops:
D:4 *


Innate Abilities, Weirdness & Mutations

You have a beak for a mouth.
You have claws for feet.
You can fly.


Message History

Your shadow imp misses the hound.
Found 9 stones.
The orc hits your shadow imp with a flail.
Your shadow imp barely misses the hound.
The orc barely misses your shadow imp.
The orc hits your shadow imp with a club.
Your shadow imp dies!
The hound bites you.
* * * LOW HITPOINT WARNING * * *
Found Cumabe Sosm's General Store.
The hound stops to sniff the ground.
The hound misses you. The hound bites you.
* * * LOW HITPOINT WARNING * * *
The hound closely misses you. The hound barely misses you.
Casting: Call Imp
Confirm with . or Enter, or press ? or * to list all spells.
You blink.
The hound bites you.
You die...

..# ... ....#####..
.# ## ....... ..# #
..............♣..#
##.##..............#
...##..........♣∩♣.#
.# #..............#
## #...........♣..#
# #...........@h§# #
##............## #
##.......W.o..## #
#....#..o######
####..###.(..#
#...........#
#......oo.(.#
#)......#...#
##.....W.#####


You could see a phantom (wandering), a hound and 2 orcs.

Vanquished Creatures
  A gnoll (D:2)
  4 adders
  A worm (D:3)
  A giant gecko (D:3)
  3 orcs (D:3)
  3 ball pythons
  A giant cockroach (D:2)
  12 goblins
  6 hobgoblins
  A jackal (D:2)
  A quokka (D:2)
  6 bats
  5 giant newts
  7 kobolds
  4 rats
56 creatures vanquished.

Vanquished Creatures (collateral kills)
  Crazy Yiuf (D:3)
  3 gnolls (D:2)
  3 worms
  An orc (D:4)
  A giant cockroach (D:1)
  6 jackals
  A bat (D:2)
  A goblin (D:3)
17 creatures vanquished.

Grand Total: 73 creatures vanquished

Notes
Turn   | Place    | Note
--------------------------------------------------------------
     0 | D:1      | Raiden350 the Tengu Wizard began the quest for the Orb.
     0 | D:1      | Reached XP level 1. HP: 10/10 MP: 5/5
   291 | D:1      | Reached XP level 2. HP: 15/15 MP: 4/7
   303 | D:1      | Learned a level 2 spell: Call Imp
   306 | D:1      | Learned a level 2 spell: Blink
   352 | D:1      | Gained mutation: You regenerate slowly when monsters are visible. [potion of mutation]
   352 | D:1      | Gained mutation: You possess an exceptional clarity of mind. [potion of mutation]
   352 | D:1      | Gained mutation: You are partially covered in thin metallic scales (AC +2). [potion of mutation]
   354 | D:1      | Lost mutation: You possess an exceptional clarity of mind. [potion of cure mutation]
   354 | D:1      | Lost mutation: You regenerate slowly when monsters are visible. [potion of cure mutation]
   354 | D:1      | Lost mutation: You are partially covered in thin metallic scales (AC +2). [potion of cure mutation]
  1092 | D:2      | Found a snail-covered altar of Cheibriados.
  1124 | D:2      | Reached XP level 3. HP: 19/19 MP: 2/8
  1327 | D:2      | Found a white marble altar of Elyvilon.
  1677 | D:2      | Reached XP level 4. HP: 22/24 MP: 7/10
  1891 | D:2      | Found a shimmering altar of Xom.
  2535 | D:3      | Learned a level 3 spell: Mephitic Cloud
  2717 | D:3      | Reached skill level 4 in Spellcasting
  2848 | D:3      | Found an opulent altar of Gozag.
  2897 | D:3      | Reached skill level 1 in Air Magic
  2897 | D:3      | Gained mutation: You can fly. [Tengu growth]
  2897 | D:3      | Reached XP level 5. HP: 28/28 MP: 5/12
  3101 | D:3      | Found a sacrificial altar of Ru.
  3349 | D:3      | Found a deep blue altar of Sif Muna.
  3355 | D:3      | Became a worshipper of Sif Muna the Loreminder
  3475 | D:3      | Noticed Crazy Yiuf
  3486 | D:3      | Killed Crazy Yiuf
  3553 | D:4      | Noticed a phantom
  3615 | D:4      | Found Cumabe Sosm's General Store.
  3624 | D:4      | Slain by a hound

Skill      XL: |  1  2  3  4  5 |
---------------+----------------+-----
Conjurations   | 2 3 |  3.6
Summonings     | 2 |  2.3
Spellcasting   | 4 |  4.0
Air Magic      | 1 2 |  2.6
Dodging        | |  2.1
Stealth        | |  2.0
Translocations | |  0.7

Action                   |  1- 3 |  4- 6 || total
-------------------------+-------+-------++-------
Melee: Unarmed           |    43 |       ||    43
       Peck              |     4 |       ||     4
       Kick              |     7 |       ||     7
       Quarterstaff      |       |     1 ||     1
 Cast: Magic Dart        |    48 |    74 ||   122
       Call Imp          |    10 |    12 ||    22
       Blink             |       |     5 ||     5
  Use: Potion            |     6 |     1 ||     7
       Scroll            |     2 |     6 ||     8
  Eat: Chunk             |     3 |     5 ||     8
       Beef jerky        |       |     1 ||     1
Armor: Robe              |    15 |     2 ||    17
       Skin              |     6 |       ||     6
Dodge: Dodged            |    46 |    26 ||    72
